 Dungeon Crawl Stone Soup version 0.29.1-13-g9f3cf754e1 (webtiles) character file.

Game seed: 17756253193065709988

2 flickminster the Insei (level 1, -1/15 HPs)
             Began as a Demonspawn Transmuter on Feb 5, 2023.
             Slain by a hobgoblin (2 damage)
             ... on level 1 of the Dungeon.
             The game lasted 00:00:18 (57 turns).

flickminster the Insei (Demonspawn Transmuter)        Turns: 57, Time: 00:00:19

Health: -1/15      AC:  2    Str: 10    XL:     1   Next: 33%
Magic:  2/3        EV: 12    Int: 14    God:
Gold:   0          SH:  0    Dex: 13    Spells: 3/4 levels left

rFire   . . .      SeeInvis .     - Unarmed
rCold   . . .      Faith    .   (no shield)
rNeg    . . .      Spirit   .   a - +0 robe
rPois   .          Reflect  .   (helmet currently unavailable)
rElec   .          Harm     .   (no cloak)
rCorr   .          Rampage  .   (no gloves)
Will    .....                   (boots currently unavailable)
Stlth   +.........              (no amulet)
HPRegen 0.05/turn               (no ring)
MPRegen 0.08/turn               (no ring)

@: appendages (expiring)
A: horns 2, talons 2
a: End Transformation


You were on level 1 of the Dungeon.
You had temporarily grown beastly horns and talons.
You visited 1 branch of the dungeon, and saw 1 of its levels.

Inventory:

Armour
 a - a +0 robe (worn)
Scrolls
 c - 2 scrolls of identify {unknown}
Potions
 b - a potion of lignification


   Skills:
 + Level 1.0 Fighting
 + Level 1.8 Dodging
 + Level 2.7 Unarmed Combat
 + Level 2.0 Spellcasting
 + Level 1.8 Transmutations


You had 3 spell levels left.
You knew the following spells:

 Your Spells              Type           Power      Damage    Failure   Level
a - Beastly Appendage     Tmut           12%        N/A       11%         1

Your spell library contained the following spells:

 Spells                   Type           Power      Damage    Failure   Level
 Wereblood                Tmut           6%         N/A       17%         2
 Spider Form              Tmut/Pois      4%         N/A       43%         3
 Ice Form                 Ice/Tmut       4%         N/A       85%         4


Dungeon Overview and Level Annotations

Branches:
Dungeon (1/15)

Altars:


Innate Abilities, Weirdness & Mutations

You have temporarily grown beastly horns and talons.


Message History

You closely miss the hobgoblin. The hobgoblin hits you.
A hobgoblin comes into view.
The hobgoblin attacks as you move away! The hobgoblin hits you.
Casting: Beastly Appendage (safe; 12% risk of failure)
Confirm with . or Enter, or press ? or * to list all spells.
You grow a pair of large bovine horns.
Your feet morph into talons.
The hobgoblin shouts!
The hobgoblin closely misses you.
You hit the hobgoblin but do no damage. You headbutt the hobgoblin.
The hobgoblin is heavily wounded.
The hobgoblin hits you.
You hit the hobgoblin but do no damage. Your kick misses the hobgoblin.
You headbutt the hobgoblin.
You kill the hobgoblin!
You hit the goblin.
The goblin is severely wounded.
Your transformation is almost over.
The goblin hits you with a +0 club.
You barely miss the goblin. You claw the goblin, but do no damage.
The goblin is severely wounded.
You hit the goblin.
You kill the goblin!
The hobgoblin hits you.
* * * LOW HITPOINT WARNING * * *
You see here a hobgoblin corpse.
You closely miss the hobgoblin. You headbutt the hobgoblin.
The hobgoblin is lightly wounded.
The hobgoblin barely misses you.
You hit the hobgoblin.
The hobgoblin is heavily wounded.
The hobgoblin hits you.
* * * LOW HITPOINT WARNING * * *
You hit the hobgoblin but do no damage.
The hobgoblin is heavily wounded.
The hobgoblin barely misses you.
You hit the hobgoblin but do no damage. Your kick misses the hobgoblin.
You punch the hobgoblin.
The hobgoblin is almost dead.
The hobgoblin hits you.
You die...

############## ########
........#...##.##...#.
...#....#...#..##..#
#.#$##..#..#..#.#..#.
#..g@...##..#..##.#.#
....#..)#......#..#.#...
#....#...##..#...##.###.
#.....#..#...#..#.#.###
.8......##......##.##..#
............##..#.##.#..
......##.##..#...#.#####
8.... #[ .#...#..#...# .
#.#.....#.###.#


You could see a hobgoblin.

Vanquished Creatures
  A goblin (D:1)
  A hobgoblin (D:1)
2 creatures vanquished.

Notes
Turn   | Place    | Note
-------+----------+-------------------------------------------
     0 | D:1      | flickminster the Demonspawn Transmuter began the quest for
                  | the Orb.
     0 | D:1      | Reached XP level 1. HP: 15/15 MP: 3/3
    57 | D:1      | Slain by a hobgoblin

Illustrated notes

Levels and vault maps discovered:
D:1:      erik_arrival_cave_to_civilisation [erik_arrival_cave_to_temple],
          layout_basic

Action                   || total
-------------------------++-------
Melee: Unarmed           ||    10
       Headbutt          ||     3
       Kick              ||     1
       Punch             ||     1
 Cast: Beastly Appendage ||     1
Dodge: Dodged            ||     4
